Map: Blueshift LE

Players

Harstem - Winner!

  • Race: Protoss Protoss
  • League: Grandmaster
  • Spawn Location: 1:00

Sparkypants

  • Race: Zerg Zerg
  • Spawn Location: 7:00

Event: DSCL Nationals 2018 - Finals

VOD

Have the link to the VOD?

Description

Time

  • Played on: Dec. 1, 2018, 6:43 a.m.
  • Length: 6:45

All games in this series

Show
View Real Time Build Order
Export as new Build Order

Harstem Protoss - Winner!

Build Orders: 1 Gate Expand 

Get SALT Encoding   

  12  0:01  Probe  
  13  0:13  Probe  
  14  0:19  Pylon  
  14  0:25  Probe  
  15  0:33  Probe  
  15  0:39  Gateway  
  15  0:41  Probe  
  17  0:50  Assimilator  
  17  0:51  Probe  
  18  1:04  Probe  
  19  1:16  Probe  
  20  1:23  Nexus  
  20  1:27  Cybernetics Core  
  20  1:29  Pylon  
  20  1:30  Zealot  
  22  1:33  Probe  
  23  1:49  Gateway  
  23  1:50  Probe  
  24  1:54  Stalker  
  24  1:55  Pylon  
  24  2:03  Assimilator  
  26  2:11  Shield Battery  
  26  2:15  Stalker  
  26  2:22  Shield Battery  
  28  2:37  Stalker  
  30  2:45  Shield Battery  
  30  2:48  Stalker  
  30  2:59  Stalker  
  30  3:12  Shield Battery  
  32  3:13  Probe  
  32  3:19  Stalker  
  35  3:27  Stalker  
  37  3:43  Nexus  
  37  4:02  Probe  
  37  4:06  Pylon  
  38  4:10  Probe, Stargate  
  38  4:13  Warp Gate  
  39  4:20  Probe  
  40  4:32  Probe  
  41  4:41  Stargate  
  41  4:44  Probe  
  42  4:46  Assimilator  
  42  4:48  Phoenix  
  42  4:50  Assimilator  
  42  4:56  Probe  
  42  4:58  Probe  
  46  5:02  Pylon  
  46  5:08  Probe  
  46  5:10  Probe  
  45  5:14  Phoenix  
  48  5:19  Phoenix  
  48  5:20  Probe  
  51  5:22  Probe  
  54  5:32  Pylon  
  54  5:33  Probe  
  55  5:39  Probe  
  56  5:45  Probe  
  56  5:47  Phoenix x2  
  59  5:53  Probe  
  62  5:57  Probe  
  63  6:05  Probe  
  63  6:09  Probe  
  65  6:11  Phoenix  
  65  6:16  Phoenix  
  65  6:17  Probe  
  68  6:21  Probe  
  68  6:25  Zealot x2  
  73  6:29  Probe  
Show
View Real Time Build Order
Export as new Build Order

Sparkypants Zerg 

Build Orders: Hatch First 

Get SALT Encoding   

  12  0:00  Drone  
  13  0:08  Drone  
  14  0:18  Overlord  
  14  0:25  Extractor  
  14  0:26  Drone  
  15  0:37  Drone x2  
  17  0:44  Drone  
  18  0:57  Hatchery  
  18  1:00  Extractor  
  16  1:12  Spawning Pool  
  16  1:15  Drone  
  16  1:19  Drone  
  17  1:28  Drone  
  17  1:29  Drone  
  19  1:38  Drone  
  20  2:04  Metabolic Boost  
  20  2:09  Queen, Zergling x2  
  20  2:10  Zergling x4  
  20  2:15  Spine Crawler x2  
  23  2:18  Zergling x2  
  25  2:23  Spine Crawler  
  25  2:25  Zergling x2  
  25  2:31  Spine Crawler  
  25  2:33  Zergling x2  
  24  2:37  Zergling x2  
  26  2:44  Spine Crawler  
  26  2:46  Spine Crawler  
  26  2:48  Zergling x2  
  24  2:53  Zergling x2  
  24  2:56  Spine Crawler  
  24  2:57  Drone  
  26  3:06  Drone  
  26  3:13  Zergling x2  
  26  3:14  Zergling x2  
  26  3:17  Spine Crawler  
  27  3:20  Zergling x2  
  27  3:24  Spine Crawler  
  23  3:27  Zergling x2  
  21  3:34  Zergling x4  
  21  3:41  Zergling x2  
  24  3:43  Spine Crawler  
  24  3:45  Zergling x2  
  24  3:47  Spine Crawler  
  25  3:50  Zergling x2  
  24  3:58  Drone  
  25  4:10  Hatchery  
  25  4:13  Overlord  
  20  4:31  Queen  
  19  4:35  Overlord  
  21  4:45  Extractor, Drone  
  22  4:54  Drone x2  
  24  5:02  Zergling x2  
  24  5:06  Queen  
  27  5:15  Zergling x2  
  28  5:21  Queen  
  28  5:22  Zergling x4  
  32  5:34  Overlord  
  32  5:42  Queen  
  32  5:45  Drone  
  32  5:48  Overlord  
  34  5:51  Zergling x2  
  35  5:58  Spore Crawler  
  35  5:59  Overlord  
  35  6:01  Drone x3  
  37  6:14  Drone x2  
  39  6:29  Drone x2  
Tags
 
Add a new tag
Caveats
  • Supply blocks, unpowered buildings, or Contaminate may cause inaccurate times.
  • Supply counts are checked every 10 seconds.